 Dungeon Crawl Stone Soup version 0.19-a0-45-g2c295ea (webtiles) character file.

22018 namelastname112 the Arsonist (level 12, -6/95 HPs)
             Began as a Red Draconian Wizard on May 4, 2016.
             Was a Priest of Ashenzari.
             Mangled by Donald
             ... wielding a +0 eveningstar of flaming
              (14 damage)
             ... on level 13 of the Dungeon on May 5, 2016.
             The game lasted 00:42:05 (16125 turns).

namelastname112 the Arsonist (DrWz)                Turns: 16125, Time: 00:42:06

Health: -6/95      AC: 12    Str:  9    XL:     12   Next: 59%
Magic:  3/31       EV: 15    Int: 25    God:    Ashenzari [***...]
Gold:   540        SH:  0    Dex:  9    Spells: 5 memorised, 18 levels left

rFire  + + .     SeeInvis +     C - +5 quarterstaff (chaos)
rCold  . . .     Gourm    +     (armour unavailable)
rNeg   . . .     Faith    .     (shield currently unavailable)
rPois  +         Spirit   .     X - +1 hat
rElec  .         Dismiss  .     D - +0 cloak
rCorr  .         Reflect  .     M - +0 pair of gloves
SustAt .         Harm     .     I - +0 pair of boots (curse)
MR     .....                    h - amulet of the gourmand
Stlth  ++........               v - ring of magical power
                                Y - ring of wizardry

@: not resistant to hostile enchantments, unstealthy
A: breathe fire, unfitting armour, talons 1, camouflage 1, blurry vision 2,
clever 1, clumsy 1, fire resistance 2, frail 1, low mp 1, poison resistance,
screaming 1, wild magic 1, cold-blooded, MP-powered wands, AC +8
a: Breathe Fire, Curse Item, Scrying, Renounce Religion


You were on level 13 of the Dungeon.
You worshipped Ashenzari.
Ashenzari was most pleased with you.
You were very full.

You visited 1 branch of the dungeon, and saw 13 of its levels.
You also visited: Sewer and Bailey.

You collected 853 gold pieces.
You spent 313 gold pieces at shops.

Inventory:

Hand Weapons
 C - a +5 quarterstaff of chaos (weapon)
Armour
 D - a +0 cloak (worn)
 I - a cursed +0 pair of boots (worn)
 M - a +0 pair of gloves (worn)
 X - a +1 hat (worn)
Jewellery
 a - an uncursed ring of resist corrosion
 h - an amulet of the gourmand (around neck)
 l - an uncursed ring of sustain attributes
 v - a ring of magical power (right hand)
 G - an uncursed ring of fire
 Y - a ring of wizardry (left hand)
Wands
 o - a wand of iceblast (3/15)
 F - a wand of iceblast (4/15)
 P - a wand of digging (12/24)
 R - a wand of digging (11/24)
 T - a wand of acid (9/15)
 U - a wand of lightning (8/15)
 V - a wand of paralysis (6/24)
Scrolls
 e - 3 scrolls of teleportation
 i - 8 scrolls of immolation
 m - 7 scrolls of fog
 q - 2 scrolls of amnesia
 w - a scroll of magic mapping
 x - 2 scrolls of recharging
 y - 4 scrolls of blinking
 B - a scroll of holy word
 N - 5 scrolls of remove curse
 O - 2 scrolls of fear
Potions
 f - a potion of lignification
 g - 2 potions of heal wounds
 j - 8 potions of curing
 n - 4 potions of agility
 p - 3 potions of might
 r - a potion of invisibility {unknown}
 s - 2 potions of berserk rage
 t - a potion of flight
 u - 5 potions of brilliance
 z - 3 potions of magic
 A - 4 potions of haste
 J - a potion of resistance
 K - a potion of cancellation {unknown}
 Z - 2 potions of ambrosia {unknown}
Books
 b - a book of Minor Magic

   Spells                             Type                      Level
   a - Magic Dart                     Conjuration                  1
   b - Blink                          Translocation                2
   c - Call Imp                       Summoning                    2
   d - Repel Missiles                 Charms/Air                   2
   e - Slow                           Hexes                        2
   f - Conjure Flame                  Conjuration/Fire             3
   g - Mephitic Cloud                 Conjuration/Poison/Air       3
 Q - a book of Burglary

   Spells                             Type                      Level
   a - Swiftness                      Charms/Air                   2
   b - Passwall                       Transmutation/Earth          2
   c - Passage of Golubria            Translocation                4
   d - Lee's Rapid Deconstruction     Earth                        5
   e - Darkness                       Hexes                        6
   f - Invisibility                   Hexes                        6
 S - a book of Summonings

   Spells                             Type                      Level
   a - Recall                         Summoning/Translocation      3
   b - Aura of Abjuration             Summoning                    5
   c - Summon Demon                   Summoning                    5
   d - Summon Forest                  Summoning/Translocation      5
   e - Summon Mana Viper              Hexes/Summoning              5
   f - Shadow Creatures               Summoning                    6
Miscellaneous
 W - a crystal ball of energy
Comestibles
 c - 14 bread rations
 d - 7 meat rations
 k - a beef jerky
 H - 2 slices of pizza
 L - 12 fruits


   Skills:
 + Level 10.3 Fighting
 + Level 9.2 Dodging
 - Level 1.7 Stealth
 + Level 9.3 Spellcasting
 + Level 10.3 Conjurations
   Level 1.0 Summonings
 - Level 1.0 Translocations
 + Level 10.4 Fire Magic


You had 18 spell levels left.
You knew the following spells:

 Your Spells              Type           Power        Failure   Level  Hunger
a - Repel Missiles        Chrm/Air       ###...       6%          2    None
c - Conjure Flame         Conj/Fire      ######..     1%          3    None
s - Mephitic Cloud        Conj/Pois/Air  #####...     3%          3    None
x - Blink                 Tloc           N/A          4%          2    None
z - Magic Dart            Conj           ####         1%          1    None


Dungeon Overview and Level Annotations

Branches:
Dungeon (13/15)            Temple (0/1) D:6            Lair (0/8) D:8
    Orc (0/2) D:9          Vaults (0/5) D:13

Altars:
Ashenzari
Dithmenos
Elyvilon
Kikubaaqudgha
Makhleb
Okawaru
Pakellas
Qazlal
Sif Muna
Trog
Xom
The Shining One
Beogh

Shops:
D:6 *   D:11 [

Annotations:
D:13 Donald, Rupert


Innate Abilities, Weirdness & Mutations

You can breathe blasts of fire.
Your fiery red scales are hard (AC +8).
Your body does not fit into most forms of armour.
Your flesh is very heat resistant.
You are cold-blooded and may be slowed by cold attacks.
You have sharp toenails.
Your skin changes colour to match your surroundings (Stealth).
Scrolls take you longer to read.
Your mind is acute. (Int +2)
You are clumsy. (Dex -2)
You are frail (-10% HP).
Your magical capacity is low (-10% MP).
Your system is resistant to poisons.
You occasionally shout uncontrollably at your foes.
Your spells are a little harder to cast, but a little more powerful.
You expend magic power (3 MP) to strengthen your wands.


Message History

* * * LOW HITPOINT WARNING * * *
You take 10 damage, and have 9/95 hp.
You now have 1/31 mp.
Drink which item? (? for menu, Esc to quit)
You feel much better.
Donald throws a stone.
The stone hits you!
* * * LOW HITPOINT WARNING * * *
You regained 12 hp, and now have 21/95 hp.
Casting: Blink
Confirm with . or Enter, or press ? or * to list all spells.
You don't have enough magic to cast that spell.
Evoke which item? (* to show all) (? for menu, Esc to quit)
Okay, then.
Drink which item? (? for menu, Esc to quit)
Okay, then.
Read which item? (? for menu, Esc to quit)
Really read with blurry vision while enemies are nearby?
Donald looks more healthy.
Donald throws a stone.
The stone hits you!
* * * LOW HITPOINT WARNING * * *
You begin reading the scroll.
You continue reading the scroll.
Donald hits you with an eveningstar of flaming!
You die...

####### #.....##########* *
#.§..§#.@....... ,
#.@...#@........ , ,
#...@.Q......... ,, *,,
#########(....##########'##
*
.......((#'####...........#
* ,
.........#§...#...........#
.........#....#...........#,
,
.........#.(..#...........#
,
.........#(...#........=..+
, ..


You could see Donald (invisible) and a tengu warrior.

Vanquished Creatures
  A centaur warrior (D:13)
  A hydra (D:11)
  The ghost of Sl000nik the Cleaver, a novice HOFi of Makhleb (Bailey)
  An unseen horror (D:11)
  2 hill giants
  A deep elf archer (Bailey)
  Pikel (D:4)
  9 deep elf magi (Bailey)
  2 manticores (D:12)
  An ugly thing (D:12)
  A cyclops (D:11)
  Maurice (D:9)
  2 centaur zombies
  Joseph (D:8)
  A kobold demonologist (D:11)
  A komodo dragon (D:8)
  2 trolls
  3 two-headed ogres
  Prince Ribbit (D:6)
  Grinder (D:6)
  A shadow (D:12)
  A spriggan (D:7)
  A wyvern (D:10)
  12 yaks
  3 hippogriffs
  4 humans (D:13)
  A hungry ghost (D:9)
  Menkaure (D:4)
  A water moccasin (D:7)
  4 orc warriors
  A slave (D:4)
  A black bear (D:8)
  3 sky beasts (D:7)
  3 ice beasts
  A necrophage (D:9)
  3 phantoms
  A wasp (D:9)
  7 ogres
  3 centaurs
  A crocodile (D:11)
  2 big kobolds
  The ghost of nubinia the Conjurer, an amateur TeCj (Sewer)
  9 giant frogs
  A wyvern skeleton (D:12)
  3 scorpions
  A water moccasin skeleton (D:9)
  9 killer bees
  6 howler monkeys
  10 wights
  3 crimson imps
  2 giant frog zombies
  2 jellies (D:10)
  6 hounds
  8 orc priests
  9 orc wizards
  2 centaur skeletons
  Crazy Yiuf (D:3)
  A giant frog skeleton (D:8)
  3 iguanas
  9 worker ants
  2 hound skeletons
  A worker ant zombie (D:11)
  20 adders
  3 gnolls (D:8)
  2 river rats (Sewer)
  A shadow imp (D:7)
  3 oozes
  An adder zombie (D:9)
  4 adder skeletons
  4 worms
  4 dart slugs
  11 giant geckos
  41 orcs
  16 ball pythons
  6 bats
  5 giant cockroaches
  11 goblins
  12 hobgoblins
  4 jackals (D:1)
  4 quokkas
  A giant gecko skeleton (D:5)
  4 giant newts
  7 kobolds
  A quokka skeleton (D:9)
  33 rats
376 creatures vanquished.

Vanquished Creatures (collateral kills)
  A killer bee (D:13)
1 creature vanquished.

Vanquished Creatures (others)
  A wizard (D:11)
  An orc warrior (D:9)
  A hound skeleton (D:4)
  A gnoll (D:8)
  A plant (D:8)
5 creatures vanquished.

Grand Total: 382 creatures vanquished

Notes
Turn   | Place    | Note
--------------------------------------------------------------
     0 | D:1      | namelastname112 the Draconian Wizard began the quest for the Orb.
     0 | D:1      | Reached XP level 1. HP: 14/14 MP: 4/4
   377 | D:1      | Reached XP level 2. HP: 12/20 MP: 1/6
   879 | D:1      | Reached XP level 3. HP: 27/27 MP: 1/7
  1289 | D:2      | Reached skill level 1 in Fighting
  1479 | D:2      | Reached XP level 4. HP: 32/35 MP: 0/9
  1564 | D:2      | Found a shattered altar of Ashenzari.
  1581 | D:2      | Found a bloodstained altar of Trog.
  1581 | D:2      | Found a stormy altar of Qazlal.
  1582 | D:2      | Found a shadowy altar of Dithmenos.
  1784 | D:2      | Became a worshipper of Ashenzari the Shackled
  1843 | D:2      | Learned a level 2 spell: Blink
  1847 | D:2      | Learned a level 3 spell: Mephitic Cloud
  1850 | D:2      | Learned a level 2 spell: Repel Missiles
  1944 | D:2      | Found a burning altar of Makhleb.
  2156 | D:3      | Reached XP level 5. HP: 38/40 MP: 1/10
  2198 | D:3      | Found a glowing drain.
  2225 | Sewer    | Entered a sewer
  2810 | Sewer    | Noticed nubinia's ghost (amateur TeCj)
  2827 | Sewer    | Killed nubinia's ghost
  2827 | Sewer    | Reached XP level 6. HP: 22/48 MP: 0/12
  3133 | Sewer    | Learned a level 3 spell: Conjure Flame
  3573 | D:3      | Found an iron altar of Okawaru.
  3748 | D:3      | Noticed Crazy Yiuf
  3756 | D:3      | Killed Crazy Yiuf
  4101 | D:3      | Found an oddly glowing altar of Pakellas.
  4102 | D:3      | Found an ancient bone altar of Kikubaaqudgha.
  4248 | D:4      | Noticed Menkaure
  4283 | D:4      | Your scales start taking on a fiery red colour.
  4283 | D:4      | Reached XP level 7. HP: 56/56 MP: 1/13
  4283 | D:4      | Gained mutation: Your flesh is heat resistant. [Red Draconian growth]
  4443 | D:3      | Upgraded the game from 0.19-a0-36-g4a0968a to 0.19-a0-45-g2c295ea
  4447 | D:4      | Killed Menkaure
  4447 | D:4      | Reached skill level 5 in Conjurations
  4447 | D:4      | Reached skill level 1 in Fire Magic
  5020 | D:4      | Noticed Pikel
  5054 | D:4      | Killed Pikel
  5054 | D:4      | Reached skill level 5 in Spellcasting
  5054 | D:4      | Reached XP level 8. HP: 57/67 MP: 7/15
  5304 | D:5      | Entered Level 5 of the Dungeon
  5515 | D:5      | Reached * piety under Ashenzari
  6190 | D:6      | Found a white marble altar of Elyvilon.
  6217 | D:6      | Found a shimmering altar of Xom.
  6260 | D:6      | Noticed Prince Ribbit
  6263 | D:6      | Found Jesicw's Assorted Antiques.
  6281 | D:6      | Killed Prince Ribbit
  6281 | D:6      | Reached skill level 5 in Fighting
  6281 | D:6      | Reached skill level 5 in Dodging
  6287 | D:6      | Bought a scroll labeled DAROGG MAXT for 24 gold pieces
  6287 | D:6      | Bought a scroll labeled YCICAT PIECI for 24 gold pieces
  6287 | D:6      | Bought a scroll labeled UXTIDE SIEDA for 24 gold pieces
  6287 | D:6      | Bought a scroll labeled USANALI PUZU for 24 gold pieces
  6287 | D:6      | Bought an iron wand for 96 gold pieces
  6287 | D:6      | Bought a black potion for 21 gold pieces
  6289 | D:6      | Noticed Grinder
  6297 | D:6      | Killed Grinder
  6297 | D:6      | Reached XP level 9. HP: 59/74 MP: 2/17
  6472 | D:6      | Found a deep blue altar of Sif Muna.
  6529 | D:6      | Found a staircase to the Ecumenical Temple.
  6818 | D:7      | Reached skill level 5 in Fire Magic
  6861 | D:7      | Gained mutation: You are frail (-10% HP). [potion of mutation]
  6861 | D:7      | Gained mutation: You have a pair of small horns on your head. [potion of mutation]
  6861 | D:7      | Gained mutation: Your skin changes colour to match your surroundings (Stealth). [potion of mutation]
  6940 | D:7      | Gained mutation: You have large cloven feet. [mutagenic meat]
  6941 | D:7      | Gained mutation: Your system is resistant to poisons. [mutagenic meat]
  7084 | D:7      | Gained mutation: Your spells are a little harder to cast, but a little more powerful. [mutagenic meat]
  7085 | D:7      | Gained mutation: Your flesh is very heat resistant. [mutagenic meat]
  7086 | D:7      | Gained mutation: You expend magic power (3 MP) to strengthen your wands. [mutagenic meat]
  7087 | D:7      | Lost mutation: You have large cloven feet. [mutagenic meat]
  7323 | D:7      | Lost mutation: You have a pair of small horns on your head. [potion of mutation]
  7323 | D:7      | Gained mutation: Your mind is acute. (Int +2) [potion of mutation]
  7323 | D:7      | Gained mutation: Scrolls take you a little longer to read. [potion of mutation]
  7324 | D:7      | Gained mutation: Your magical capacity is low (-10% MP). [potion of mutation]
  7325 | D:7      | Gained mutation: You have a pair of small horns on your head. [potion of mutation]
  7325 | D:7      | Gained mutation: You are clumsy. (Dex -2) [potion of mutation]
  7325 | D:7      | Lost mutation: You have a pair of small horns on your head. [potion of mutation]
  7881 | D:8      | Found a staircase to the Lair.
  7882 | D:8      | Noticed a komodo dragon
  8071 | D:9      | Found a flagged portal.
  8151 | Bailey   | Entered a bailey
  8151 | Bailey   | Noticed Sl000nik's ghost (novice HOFi)
  8160 | Bailey   | Killed Sl000nik's ghost
  8160 | Bailey   | Reached XP level 10. HP: 48/75 MP: 17/17
  8284 | Bailey   | Noticed a deep elf mage
  8298 | Bailey   | Killed a deep elf mage
  8371 | Bailey   | Noticed a deep elf mage
  8372 | Bailey   | Noticed a deep elf mage
  8372 | Bailey   | Noticed a deep elf mage
  8372 | Bailey   | Noticed a deep elf mage
  8373 | Bailey   | Noticed a deep elf mage
  8373 | Bailey   | Noticed a deep elf mage
  8376 | Bailey   | Noticed a deep elf mage
  8383 | Bailey   | Killed a deep elf mage
  8391 | Bailey   | Killed a deep elf mage
  8396 | Bailey   | Killed a deep elf mage
  8408 | Bailey   | Killed a deep elf mage
  8411 | Bailey   | Noticed a deep elf mage
  8420 | Bailey   | Killed a deep elf mage
  8422 | Bailey   | Killed a deep elf mage
  8466 | Bailey   | Killed a deep elf mage
  8480 | Bailey   | Killed a deep elf mage
  8633 | Bailey   | Noticed a deep elf archer
  8641 | Bailey   | Killed a deep elf archer
  8641 | Bailey   | Reached XP level 11. HP: 84/84 MP: 20/20
  8804 | D:9      | Found a glowing golden altar of the Shining One.
  8861 | D:9      | Found a burning altar of Makhleb.
  9074 | D:9      | Noticed Maurice
  9098 | D:9      | Killed Maurice
  9663 | D:9      | Found a roughly hewn altar of Beogh.
  9663 | D:9      | Found a staircase to the Orcish Mines.
 10338 | D:9      | Reached ** piety under Ashenzari
 10911 | D:8      | Noticed Joseph
 10983 | D:8      | Killed Joseph
 11085 | D:8      | Found a glowing golden altar of the Shining One.
 11780 | D:10     | Entered Level 10 of the Dungeon
 13065 | D:11     | Killed an unseen horror
 13237 | D:11     | Found a bloodstained altar of Trog.
 13240 | D:11     | Noticed a wizard
 13246 | D:11     | Killed a wizard
 13324 | D:11     | Found Qereigru's Antique Armour Shop.
 13348 | D:11     | Bought a glowing hat for 100 gold pieces
 13451 | D:11     | Reached XP level 12. HP: 53/94 MP: 22/22
 14206 | D:11     | Noticed an eight-headed hydra
 14221 | D:11     | Killed an eight-headed hydra
 14698 | D:12     | Gained mutation: Scrolls take you longer to read. [mutagenic meat]
 14699 | D:12     | Gained mutation: You have sharp toenails. [mutagenic meat]
 14700 | D:12     | Gained mutation: You occasionally shout uncontrollably at your foes. [mutagenic meat]
 14737 | D:12     | Reached skill level 10 in Fire Magic
 14782 | D:12     | Reached skill level 10 in Conjurations
 15176 | D:12     | Reached skill level 10 in Fighting
 15550 | D:13     | Found a gate to the Vaults.
 15550 | D:13     | Noticed Donald
 15550 | D:13     | Noticed Rupert
 15631 | D:13     | Reached *** piety under Ashenzari
 15639 | D:13     | Noticed a centaur warrior
 15673 | D:13     | Killed a centaur warrior
 15833 | D:13     | Noticed a tengu warrior
 16125 | D:13     | Mangled by Donald

Vault maps used:
D:1:      lemuel_arrival_behind_the_door_small
D:2:      lemuel_crystal_altar, gammafunk_temple_overflow_forgotten,
          makhleb_blood_cavern_becter
D:3:      okawaru_ov_weapons_minmay, gammafunk_temple_overflow_statue,
          portal_sewer_entry_a, first_bread, uniq_crazy_yiuf_cottage
D:4:      uniq_menkaure, uniq_pikel
D:5:      grunt_decor_mini_mirrors
D:6:      lemuel_doored_altar, xom_teletrap_fun, overflow_temple_1_default,
          minmay_temple_entry_mist, serial_shops, shop_statue, uniq_grinder,
          uniq_prince_ribbit1
D:7:      serial_glass, glass_columns_a, glass_columns_a, the_bakery
D:8:      david_lair_shrubbed, basic_altar, uniq_joseph
D:9:      nicolae_tso_swordbearing_angel, david_orc_5, enter_bailey_3,
          basic_altar, serial_park_tiny_1, uniq_maurice
D:11:     serial_shops, nicolae_shop_trees, trog_wizard
D:13:     david_vaults_3
Sewer:    sewer_minmay_w
Bailey:   bailey_polearm_3, bailey

Skill      XL: |  1  2  3  4  5  6  7  8  9 10 11 12 |
---------------+-------------------------------------+-----
Dodging        | 2 3 4 5 6 7 8 9 |  9.2
Conjurations   | 2 3 4 5 6 7 8 9 10 | 10.3
Fighting       | 1 2 4 5 6 8 9 10 | 10.3
Spellcasting   | 4 5 6 7 8 9 |  9.3
Fire Magic     | 3 4 6 8 9 10 | 10.4
Stealth        | |  1.7
Summonings     | |  1.0
Translocations | |  1.0

Action                   |  1- 3 |  4- 6 |  7- 9 | 10-12 || total
-------------------------+-------+-------+-------+-------++-------
Melee: Dagger            |   113 |    94 |       |       ||   207
       Unarmed           |     8 |       |       |       ||     8
       Tailslap          |    12 |     5 |    24 |    42 ||    83
       Quarterstaff      |       |    11 |   233 |   475 ||   719
       Headbutt          |       |       |     2 |       ||     2
 Cast: Magic Dart        |    69 |   156 |    86 |   444 ||   755
       Mephitic Cloud    |       |     7 |    14 |    60 ||    81
       Repel Missiles    |       |     1 |       |     1 ||     2
       Blink             |       |     3 |    12 |     7 ||    22
       Conjure Flame     |       |     1 |     6 |     8 ||    15
 Abil: Breathe Fire      |       |       |    13 |    22 ||    35
Evoke: Wand              |       |       |       |     1 ||     1
  Use: Scroll            |       |       |    18 |     7 ||    25
       Potion            |       |       |     4 |     3 ||     7
 Stab: Confused          |       |     2 |       |    22 ||    24
       Sleeping          |       |     1 |     3 |     4 ||     8
       Paralysed         |       |       |     2 |     6 ||     8
       Distracted        |       |       |     1 |       ||     1
       Petrifying        |       |       |       |     1 ||     1
  Eat: Chunk             |     7 |    11 |    27 |    34 ||    79
       Royal jelly       |       |       |       |     1 ||     1
Armor: Skin              |    34 |    50 |   122 |   211 ||   417
Dodge: Dodged            |    85 |   103 |   210 |   425 ||   823
       Deflected         |       |       |     6 |    11 ||    17
